 Dungeon Crawl Stone Soup version 0.31-a0-1620-gcbf77bbcfc (webtiles) character file.

Game seed: 12784281480128476686

6169 zenocrate the Covert (level 10, -1/45 (49) HPs)
             Began as a Vine Stalker Enchanter on Jan 11, 2024.
             Was an Initiate of Gozag.
             Slain by an ice beast (13 damage)
             ... on level 9 of the Dungeon.
             The game lasted 00:14:39 (9077 turns).

zenocrate the Covert (Vine Stalker Enchanter)       Turns: 9077, Time: 00:14:39

HP:   -1/45 (49)    AC: 10    Str: 11    XL:     10   Next: 90%
MP:   0/14          EV: 16    Int: 15    God:    Gozag
Gold: 226           SH:  0    Dex: 19    Spells: 5/13 levels left

rFire   . . .        a - +1 dagger (drain)
rCold   . . .        (no shield)
rNeg    . . .        o - +0 robe
rPois   +            (no helmet)
rElec   .            (no cloak)
rCorr   .            e - +2 pair of gloves
SInv    .            y - +0 pair of boots
Will    +....        (no amulet)
Stlth   +++++        k - +4 ring of protection
HPRegen 1.07/turn    p - ring of poison resistance
MPRegen 0.14/turn

%: guardian spirit
@: drained
A: fangs 3, regeneration 1, magic shield, antimagic bite, no potion heal 2
a: Renounce Religion, Potion Petition, Call Merchant, Bribe Branch


You were on level 9 of the Dungeon.
You worshipped Gozag.
Gozag was aware of your devotion.
You visited 2 branches of the dungeon, and saw 10 of its levels.

You collected 1393 gold pieces.
You spent 1076 gold pieces at shops.
You paid 91 gold pieces to Gozag.

Inventory:

Hand Weapons
 a - a +1 dagger of draining (weapon)
 b - a +0 rapier
 A - a +1 dagger
 K - a +0 short sword of protection
Missiles
 d - 2 atropa-tipped darts
 i - 21 poisoned darts (quivered)
 r - a throwing net
 s - 5 boomerangs
Armour
 e - a +2 pair of gloves (worn)
 o - a +0 robe (worn)
 y - a +0 pair of boots (worn)
 I - a +0 buckler of reflection
Jewellery
 k - a +4 ring of protection (left hand)
 p - a ring of poison resistance (right hand)
 w - a ring of see invisible
 B - a ring of flight
Wands
 q - a wand of iceblast (41)
 H - a wand of quicksilver (3)
 J - a wand of flame (7)
Scrolls
 f - 4 scrolls of fear
 g - 2 scrolls of teleportation
 h - 2 scrolls of silence
 m - a scroll of torment
 n - 3 scrolls of fog
 t - a scroll of poison {unknown}
 v - 4 scrolls of blinking
 x - a scroll of amnesia {unknown}
 z - a scroll of revelation
 E - a scroll of immolation {unknown}
 G - a scroll of enchant armour {unknown}
Potions
 c - 2 potions of invisibility
 j - 3 potions of curing
 l - 3 potions of enlightenment
 u - 2 potions of might
 C - a potion of berserk rage
 D - a potion of mutation
 F - a potion of degeneration {unknown}


   Skills:
 - Level 3.0 Fighting
 + Level 6.4 Short Blades
 - Level 0.6 Throwing
 + Level 6.1 Dodging
 + Level 10.0 Stealth
 - Level 2.3 Spellcasting
 + Level 7.7 Hexes
 - Level 3.1 Ice Magic
 + Level 5.0 Evocations


You had 5 spell levels left.
You knew the following spells:

 Your Spells              Type           Power      Damage    Failure   Level
a - Ensorcelled Hibernat  Hex/Ice        36%        N/A       3%          2
b - Confusing Touch       Hex            25%        N/A       2%          3
c - Tukima's Dance        Hex            25%        N/A       2%          3

Your spell library contained the following spells:

 Spells                   Type           Power      Damage    Failure   Level
 Dazzling Flash           Conj/Hex       26%        N/A       13%         3
 Kiss of Death            Conj/Necr      4%         2d5       22%         1
 Lesser Beckoning         Tloc           2%         N/A       32%         2
 Gell's Gravitas          Tloc           1%         N/A       54%         3
 Teleport Other           Tloc           1%         N/A       54%         3
 Dispel Undead            Necr           1%         3d6       91%         4


Dungeon Overview and Level Annotations

Branches:
Dungeon (9/15)             Temple (1/1) D:5
   Lair: D:8-11         Orc: D:9-12

Altars:
Ashenzari
Dithmenos
Elyvilon
Fedhas
Gozag
Hepliaklqana
Kikubaaqudgha
Makhleb
Nemelex Xobeh
Okawaru
Qazlal
Ru
Sif Muna
Trog
Uskayaw
Vehumet
Wu Jian
Xom
Yredelemnul
Zin
The Shining One

Shops:
D:1 ?*[   D:8 *


Innate Abilities, Weirdness & Mutations

You have razor-sharp teeth.
Your natural rate of healing is unusually fast.
When hurt, damage is shared between your health and your magic reserves.
Your bite disrupts and absorbs the magic of your enemies.
Potions cannot restore your health.


Message History

The rime drake is lightly wounded.
The rime drake barely misses you.
You hit the rime drake.
You bite the rime drake, but do no damage.
The rime drake is lightly wounded.
The rime drake misses you.
You completely miss the rime drake. You bite the rime drake.
You drain its power.
You feel invigorated.
The rime drake is lightly wounded.
You hit the rime drake but do no damage.
You drain the rime drake. Your bite misses the rime drake.
The rime drake is lightly wounded.
The rime drake bites you.
The rime drake bites itself.
You hit the rime drake but do no damage.
The rime drake is moderately wounded.
You strike the helpless rime drake from behind!
You impale the rime drake!!
You kill the rime drake!
The ice beast hits you. The ice beast freezes you!
* * * LOW HITPOINT WARNING * * *
Your Stealth skill increases to level 10!
Your Evocations skill increases to level 5!
Casting: Confusing Touch (dangerous; 2% risk of failure)
Confirm with . or Enter, or press ? or * to list all spells.
Your hands begin to glow red.
The ice beast completely misses you.
Unknown command.
You hit the ice beast but do no damage.
The ice beast appears confused.
The ice beast is lightly wounded.
Unknown command.
You hit the ice beast.
You bite the ice beast, but do no damage.
The ice beast is lightly wounded.
Unknown command.
You hit the ice beast but do no damage.
The ice beast is lightly wounded.
The wolf barely misses you. The ice beast hits you.
* * * LOW HITPOINT WARNING * * *
The ice beast freezes you!
You die...
Your body crumbles into a pile of gold.

.......$.?..#
#...##....##... #.....#
#....#######... #.z..##
#..._.......... #.h.z##
#.............. .# #.....#
#...##....##... ...##..:..#
#...#####+##...
<...$....######..#..........
.........##..##..#.....####.
.........zh@..#..##....# #.
...##....##Y..'..##...## ..
### #######...#......## .
#..##......# #####..###+#
#..##..#
####################...+.<#
.......................#..#
########8.8########...##..##


You could see an ice beast (confused), a wolf and a wight.

Vanquished Creatures
  A two-headed ogre (D:8)
  A rime drake (D:9)
  A troll (D:9)
  A hornet (D:9)
  A vampire (D:9)
  9 yaks
  A water moccasin (D:5)
  2 orc warriors (D:9)
  2 ice beasts
  A sky beast (D:7)
  3 ogres
  A centaur (D:8)
  A kobold brigand (D:9)
  A phantom (D:7)
  4 bullfrogs
  5 scorpions
  16 wights
  3 howler monkeys (D:7)
  An orc priest (D:7)
  A jelly (D:7)
  A hound (D:5)
  7 iguanas
  A sleepcap (D:4)
  13 orc wizards
  8 gnolls
  7 adders
  2 shadow imps (D:5)
  A white imp (D:6)
  2 ufetubi (D:5)
  2 ribbon worms
  43 orcs
  5 endoplasms
  7 goblins
  5 hobgoblins
  4 jackals (D:5)
  11 kobolds
  5 quokkas
  5 ball pythons
  3 bats
  2 frilled lizards
  3 rats
193 creatures vanquished.

Notes
Turn   | Place    | Note
-------+----------+-------------------------------------------
     0 | D:1      | zenocrate the Vine Stalker Enchanter began the quest for
                  | the Orb.
     0 | D:1      | Reached XP level 1. HP: 9/9 MP: 4/4
   148 | D:1      | Reached skill level 1 in Short Blades
   230 | D:1      | Found Maozxana's Armour Shop.
   298 | D:1      | Found Jusah's General Store.
   307 | D:1      | Reached XP level 2. HP: 13/13 MP: 6/6
   313 | D:1      | Learned a level 2 spell: Ensorcelled Hibernation
   320 | D:1      | Bought a scroll of noise for 10 gold pieces
   544 | D:1      | Found Kawk's Magic Scroll Emporium.
  1072 | D:2      | Found a bloodstained altar of Trog.
  1145 | D:2      | Reached skill level 4 in Stealth
  1145 | D:2      | Reached XP level 3. HP: 16/16 MP: 0/7
  1149 | D:2      | Learned a level 3 spell: Confusing Touch
  1872 | D:3      | Found a shadowy altar of Dithmenos.
  1882 | D:3      | Reached XP level 4. HP: 21/21 MP: 8/8
  2131 | D:3      | Reached skill level 1 in Ice Magic
  2654 | D:4      | Found a sacrificial altar of Ru.
  2710 | D:4      | Reached XP level 5. HP: 24/24 MP: 9/9
  2808 | D:4      | Learned a level 3 spell: Tukima's Dance
  2819 | D:4      | Found a hide-covered altar of Uskayaw.
  3190 | D:5      | Entered Level 5 of the Dungeon
  3227 | D:5      | Reached skill level 1 in Evocations
  3227 | D:5      | Reached XP level 6. HP: 27/28 MP: 2/10
  3382 | D:5      | Reached skill level 5 in Stealth
  3447 | D:5      | Reached XP level 7. HP: 32/32 MP: 11/11
  3757 | D:5      | Found a staircase to the Ecumenical Temple.
  3768 | Temple   | Entered the Ecumenical Temple
  3777 | Temple   | Became a worshipper of Gozag Ym Sagoz the Greedy
  3917 | D:1      | Bought a scroll of blinking for 97 gold pieces
  3917 | D:1      | Bought a scroll of fog for 52 gold pieces
  4430 | D:5      | Reached skill level 6 in Stealth
  4430 | D:5      | Gained mutation: You have razor-sharp teeth. [Vine Stalker
                  | growth]
  4430 | D:5      | Reached XP level 8. HP: 33/36 MP: 7/12
  4742 | D:1      | Bought a scroll of revelation for 97 gold pieces
  4742 | D:1      | Bought a scroll of identify for 26 gold pieces
  4912 | D:6      | Reached skill level 5 in Hexes
  5540 | D:6      | Found a broken altar of Ashenzari.
  5549 | D:6      | Found an ancient bone altar of Kikubaaqudgha.
  5864 | D:7      | Reached skill level 1 in Fighting
  5913 | D:7      | Reached skill level 7 in Stealth
  6111 | D:7      | Reached XP level 9. HP: 41/41 MP: 8/13
  7124 | D:1      | Bought a scroll of identify for 26 gold pieces
  7124 | D:1      | Bought 3 scrolls of blinking for 292 gold pieces
  7124 | D:1      | Bought a scroll of identify for 26 gold pieces
  7124 | D:1      | Bought a scroll of teleportation for 39 gold pieces
  7236 | D:8      | Reached skill level 8 in Stealth
  7254 | D:7      | Reached skill level 5 in Short Blades
  7259 | D:7      | Reached skill level 5 in Dodging
  7400 | D:8      | Found Kogh's Gadget Gallery.
  7623 | D:8      | Noticed a two-headed ogre
  7702 | D:8      | Killed a two-headed ogre
  7703 | D:8      | Reached XP level 10. HP: 32/49 MP: 14/14
  7712 | D:8      | Reached skill level 9 in Stealth
  8148 | D:1      | Bought a potion of mutation for 80 gold pieces
  8148 | D:1      | Bought a wand of quicksilver (3) for 126 gold pieces
  8271 | D:8      | Bought a wand of iceblast (3) for 86 gold pieces
  8447 | D:1      | Bought a +0 buckler of reflection for 119 gold pieces
  8723 | D:9      | Found a glowing silver altar of Zin.
  8723 | D:9      | Found a glowing golden altar of the Shining One.
  8723 | D:9      | Found a white marble altar of Elyvilon.
  8756 | D:9      | Found a sparkling altar of Nemelex Xobeh.
  9074 | D:9      | Reached skill level 10 in Stealth
  9074 | D:9      | Reached skill level 5 in Evocations
  9077 | D:9      | Slain by an ice beast

Illustrated notes

Levels and vault maps discovered:
D:1:      denvon_arrival_planthouse, layout_basic, serial_shops, shop_statue,
          nicolae_shop_advertising_works [nicolae_subvault_shop_adworks],
          nicolae_shop_crystal
D:2:      layout_basic, basic_altar
D:3:      layout_basic, nicolae_dithmenos_the_darkroom
D:4:      layout_basic, nicolae_ru_sacrificial_ziggurat, lemuel_doored_altar
D:5:      nicolae_cairo_tiling_large, layout_loops_ring,
          minmay_temple_entry_nine_rooms, bh_walls_and_bars
D:6:      layout_loops_ring, mainiacjoe_overflow_swirl
D:7:      layout_basic
D:8:      layout_layer_cave, nicolae_shop_gadgets
D:9:      layout_gridville, dreamdust_divine_triumvirate, tgw_trog,
          overflow_temple_1_default, hellmonk_lair_entry_icy,
          minmay_misc_feat_tower
Temple:   hellmonk_temple_of_storms

Skill      XL: |  1  2  3  4  5  6  7  8  9 10 |
---------------+-------------------------------+-----
Short Blades   | 1 2 3 4 5 6 |  6.4
Stealth        | 4 5 6 7 8 10 | 10.0
Dodging        | 2 3 4 5 6 |  6.1
Ice Magic      | 1 2 3 |  3.1
Evocations     | 1 2 3 5 |  5.0
Hexes          | 4 5 6 7 |  7.7
Fighting       | 1 3 |  3.0
Throwing       | |  0.6
Spellcasting   | |  2.3

Action                     |  1- 3 |  4- 6 |  7- 9 | 10-12 || total
---------------------------+-------+-------+-------+-------++-------
  Melee: Dagger            |    83 |    31 |       |    66 ||   180
         Bite              |    18 |    26 |    93 |    44 ||   181
         Rapier            |       |    76 |   195 |       ||   271
         Punch             |       |     2 |     3 |     1 ||     6
         Short sword       |       |       |   135 |    56 ||   191
  Throw: Dart              |       |       |     1 |       ||     1
   Cast: Ensorcelled Hiber |    12 |    15 |    56 |    12 ||    95
         Confusing Touch   |       |     3 |    14 |    12 ||    29
  Evoke: Wand              |       |     1 |       |       ||     1
    Use: Scroll            |     1 |       |     8 |       ||     9
   Stab: Sleeping          |    13 |    18 |    41 |    11 ||    83
         Confused          |       |     3 |    13 |     8 ||    24
         Distracted        |       |       |     1 |     2 ||     3
 Armour: Robe              |    38 |    50 |   181 |    68 ||   337
  Dodge: Dodged            |    58 |    68 |   183 |    82 ||   391

Table legend: (Time is in decaauts)
 A = Elapsed time spent in this place.
 B = Non-inter-level travel time spent in this place.
 C = Inter-level travel time spent in this place.
 D = Time resting spent in this place.
 E = Time spent auto-exploring this place.
 F = Levels seen in this place.
 G = Mean time per level.
                   A        B        C        D        E       F      G
               +--------+--------+--------+--------+--------+-----+--------+
         Total |   9039 |   7543 |   1496 |      0 |   5908 |  10 |  903.9 |
       Dungeon |   9020 |   7541 |   1479 |      0 |   5908 |   9 | 1002.2 |
        Temple |     18 |      1 |     17 |      0 |      0 |   1 |   18.0 |
               +--------+--------+--------+--------+--------+-----+--------+

Top non-repeatable levels by time:
     D:7: 1379 daAuts
     D:5: 1293 daAuts
     D:2: 1192 daAuts
     D:1: 1014 daAuts
     D:3: 994 daAuts
     D:4: 917 daAuts
     D:6: 896 daAuts
     D:8: 878 daAuts
     D:9: 453 daAuts
  Temple: 18 daAuts
